 Dungeon Crawl Stone Soup version 0.26.1-11-gd32895ea62 (webtiles) character file.

Game seed: 620428479121515493

305 hawla the Conjurer (level 6, -3/45 (47) HPs)
             Began as a Draconian Conjurer on July 8, 2021.
             Slain by a wight
             ... wielding a +0 great sword
              (14 damage)
             ... on level 6 of the Dungeon.
             The game lasted 00:09:05 (2959 turns).

hawla the Conjurer (Draconian Conjurer)             Turns: 2959, Time: 00:09:06

HP:   -3/45 (47)    AC: 12    Str:  9    XL:     6   Next: 16%
MP:   3/9           EV: 11    Int: 21    God:
Gold: 88            SH:  4    Dex:  9    Spells: 3/10 levels left

rFire    . . .     SeeInvis .   (no weapon)
rCold    . . .     Faith    .   n - +1 buckler
rNeg     . . .     Spirit   .   (armour unavailable)
rPois    .         Reflect  .   (helmet restricted)
rElec    .         Harm     .   g - +1 cloak
rCorr    .         Rampage  .   (no gloves)
Will     .....                  (no boots)
Stlth    ++........             (no amulet)
HPRegen  0.15/turn              b - +4 ring of protection
MPRegen  0.11/turn              (no ring)

@: berserk cooldown, lightly drained
A: unfitting armour, cold-blooded, AC +6
a: no special abilities


You were on level 6 of the Dungeon.
You visited 1 branch of the dungeon, and saw 4 of its levels.

You collected 88 gold pieces.

Inventory:

Missiles
 j - 6 curare-tipped darts
Armour
 g - a +1 cloak (worn)
 n - a +1 buckler (worn)
Jewellery
 b - a +4 ring of protection (left hand)
Scrolls
 d - 2 scrolls of amnesia
Potions
 c - a potion of haste
 h - a potion of resistance {unknown}
 k - 3 potions of brilliance {unknown}


   Skills:
 + Level 1.0 Fighting
 + Level 1.7 Dodging
 + Level 1.7 Stealth
 + Level 1.4 Shields
 + Level 2.6 Spellcasting
 + Level 5.7 Conjurations
 + Level 3.4 Translocations


You had 3 spell levels left.
You knew the following spells:

 Your Spells              Type           Power        Failure   Level
a - Magic Dart            Conj           100%         1%          1
b - Searing Ray           Conj           52%          2%          2
c - Iskenderun's Mystic   Conj/Tloc      22%          28%         4

Your spell library contained the following spells:

 Spells                   Type           Power        Failure   Level
 Dazzling Flash           Conj/Hex       28%          17%         3
 Fulminant Prism          Conj/Hex       7%           50%         4


Dungeon Overview and Level Annotations

Branches:
Dungeon (3/15)

Altars:
Qazlal
Ru
Uskayaw


Innate Abilities, Weirdness & Mutations

Your plain brown scales are hard. (AC +6)
You cannot fit into any form of body armour.
You are cold-blooded and may be slowed by cold attacks.


Message History

You feel yourself slow down. The wight barely misses you.
The wight hits you with a +0 battleaxe!
* * * LOW HITPOINT WARNING * * *
You feel drained.
* * * LOW HITPOINT WARNING * * *
The wight barely misses you.
Casting: Magic Dart (safe; 1% risk of failure)
Confirm with . or Enter, or press ? or * to list all spells.
You don't have enough magic to cast that spell.
Casting: Magic Dart (safe; 1% risk of failure)
Confirm with . or Enter, or press ? or * to list all spells.
You don't have enough magic to cast that spell.
It was a potion of curing.
You feel better. The wight misses you.
It was a potion of cancellation.
Your magical effects are unravelling.
You feel magically purged.
You feel yourself speed up.
You feel yourself slow down. You block the wight's attack.
The wight closely misses you.
The wight hits you with a +0 great sword!
You die...

##.........
##......###
##...#).##
.###.z.##...#
......## #..#
#####..###..#
##..# #..#####
##..##....z.#
#......5z@#
#.......z##
#..........#
#.............
#..###.......##
#. ##......# .
#.....##
#...z.#


You could see 3 wights and an ufetubus.

Vanquished Creatures
  An ice beast (D:3)
  A hound (D:2)
  Natasha (twice) (D:2)
  2 gnolls (D:6)
  5 adders
  A shadow imp (D:6)
  An ooze (D:1)
  A worm (D:2)
  A dart slug (D:1)
  3 leopard geckos
  An orc (D:3)
  5 bats
  5 giant cockroaches
  5 goblins (D:1)
  7 hobgoblins
  4 jackals (D:3)
  6 kobolds
  3 frilled lizards (D:1)
  4 rats
58 creatures vanquished.

Notes
Turn   | Place    | Note
-------+----------+-------------------------------------------
     0 | D:1      | hawla the Draconian Conjurer began the quest for the Orb.
     0 | D:1      | Reached XP level 1. HP: 14/14 MP: 3/3
   222 | D:1      | Reached XP level 2. HP: 22/22 MP: 3/5
   240 | D:1      | Learned a level 2 spell: Searing Ray
   327 | D:1      | Reached skill level 1 in Fighting
   328 | D:1      | Reached skill level 1 in Translocations
   671 | D:1      | Found a sacrificial altar of Ru.
   675 | D:1      | Reached XP level 3. HP: 28/28 MP: 0/6
  1426 | D:2      | Reached XP level 4. HP: 35/35 MP: 1/7
  1431 | D:2      | Learned a level 4 spell: Iskenderun's Mystic Blast
  1857 | D:2      | Noticed Natasha
  1860 | D:2      | Killed Natasha
  1861 | D:2      | Reached skill level 5 in Conjurations
  2112 | D:2      | Found a hide-covered altar of Uskayaw.
  2112 | D:2      | Found a stormy altar of Qazlal.
  2199 | D:2      | Noticed Natasha
  2209 | D:2      | Killed Natasha
  2210 | D:2      | Reached XP level 5. HP: 28/40 MP: 4/8
  2723 | D:3      | Noticed an ice beast
  2731 | D:3      | Killed an ice beast
  2732 | D:3      | Reached skill level 1 in Shields
  2732 | D:3      | Reached XP level 6. HP: 26/47 MP: 0/9
  2899 | D:3      | You fall into a shaft and drop 3 floors!
  2900 | D:6      | Noticed an ice beast
  2957 | D:6      | HP: 1/45 [wight/+0 battleaxe (6)]
  2959 | D:6      | Slain by a wight

Illustrated notes

Levels and vault maps discovered:
D:1:      scummos_arrival_simple_crosswalls, layout_basic, minmay_hexomino_r4
D:2:      layout_loops_cross, gammafunk_temple_overflow_statue, uniq_natasha
D:3:      layout_basic, gammafunk_ghost_arena
D:6:      layout_layer_cave

Skill      XL: |  1  2  3  4  5 |
---------------+----------------+-----
Fighting       | 1 |  1.0
Translocations | 1 2 3 |  3.4
Conjurations   | 5 |  5.7
Shields        | 1 |  1.4
Dodging        | |  1.7
Stealth        | |  1.7
Spellcasting   | |  2.6

Action                   |  1- 3 |  4- 6 || total
-------------------------+-------+-------++-------
Melee: Unarmed           |    38 |    61 ||    99
       Tailslap          |     5 |     6 ||    11
 Cast: Magic Dart        |    23 |    14 ||    37
       Searing Ray       |    12 |    23 ||    35
       Iskenderun's Myst |       |     2 ||     2
  Use: Scroll            |     5 |     3 ||     8
       Potion            |       |     4 ||     4
Armor: Skin              |    21 |    43 ||    64
Dodge: Dodged            |    39 |    54 ||    93
Block: Buckler           |       |    15 ||    15
